Map: Ulrena

Players

pupu - Winner!

  • Race: Protoss Protoss
  • League: Gold

ЛИС

  • Race: Zerg Zerg
  • League: Gold

VOD

Have the link to the VOD?

Description

Time

  • Played on: April 23, 2016, 2:59 a.m.
  • Length: 8:08
Show
View Real Time Build Order
Export as new Build Order

pupu Protoss - Winner!

Build Orders: 1 Gate Expand 

Get SALT Encoding   

  12  0:01  Probe (Chrono Boost)  
  13  0:11  Probe (Chrono Boost)  
  14  0:19  Pylon  
  14  0:22  Probe (Chrono Boost)  
  15  0:37  Probe (Chrono Boost)  
  15  0:39  Gateway  
  16  0:47  Probe (Chrono Boost)  
  17  0:51  Assimilator  
  17  0:58  Probe (Chrono Boost)  
  18  1:08  Probe (Chrono Boost)  
  19  1:19  Probe (Chrono Boost)  
  20  1:29  Nexus  
  20  1:43  Cybernetics Core  
  20  1:50  Probe (Chrono Boost)  
  20  1:53  Assimilator  
  21  1:58  Pylon  
  22  2:01  Probe (Chrono Boost)  
  22  2:11  Probe (Chrono Boost)  
  23  2:16  Warp Gate (Chrono Boost)  
  23  2:22  Probe, Adept  
  26  2:34  Probe  
  27  2:38  Pylon  
  27  2:40  Probe  
  27  2:41  Pylon  
  28  2:46  Probe  
  29  2:52  Gateway  
  29  2:58  Twilight Council  
  29  3:02  Probe  
  29  3:03  Probe  
  31  3:20  Gateway  
  31  3:21  Probe  
  31  3:22  Probe  
  31  3:23  Gateway  
  33  3:27  Sentry  
  33  3:33  Probe x2  
  37  3:35  Resonating Glaives (Chrono Boost)  
  37  3:40  Adept  
  39  3:45  Probe  
  40  3:53  Robotics Facility  
  40  3:57  Probe, Pylon  
  40  3:59  Probe  
  42  4:04  Assimilator  
  42  4:24  Adept x3  
  42  4:27  Probe x2  
  50  4:37  Adept  
  52  4:45  Stalker x3  
  56  5:17  Probe x2  
  56  5:21  Adept x4  
  56  5:54  Adept  
  56  5:55  Adept x3  
  50  6:15  Adept x4  
  58  6:20  Probe x2  
  60  6:31  Pylon  
  60  6:32  Pylon  
  60  6:34  Gateway  
  60  6:35  Gateway  
  60  6:37  Probe x2  
  60  6:38  Gateway  
  60  6:39  Pylon  
  62  6:42  Pylon  
  62  6:44  Immortal  
  62  6:46  Assimilator  
  66  6:49  Probe x2, Adept  
  66  6:50  Adept x3  
  76  7:07  Probe x2  
  78  7:17  Pylon  
  78  7:19  Probe, Mothership Core, Pylon  
  81  7:25  Nexus  
  81  7:27  Pylon  
  81  7:29  Pylon  
  81  7:31  Probe  
  81  7:32  Adept x4, Pylon  
  90  7:41  Probe  
  91  7:45  Adept x3  
Show
View Real Time Build Order
Export as new Build Order

ЛИС Zerg 

Build Orders: Hatch First 

Get SALT Encoding   

  12  0:01  Drone  
  13  0:12  Overlord  
  13  0:20  Drone  
  14  0:31  Drone  
  14  0:32  Drone  
  16  0:45  Drone  
  17  0:57  Drone  
  18  1:08  Hatchery  
  17  1:16  Drone  
  18  1:22  Extractor  
  17  1:26  Spawning Pool  
  17  1:29  Drone  
  17  1:31  Overlord  
  17  1:47  Overlord  
  17  2:13  Zergling x4  
  19  2:16  Drone  
  19  2:18  Hatchery  
  19  2:19  Queen  
  21  2:23  Drone  
  22  2:30  Metabolic Boost  
  22  2:47  Drone x2  
  22  2:48  Overlord  
  22  2:49  Zergling x2  
  25  2:53  Drone  
  26  3:03  Spore Crawler  
  25  3:16  Drone x2  
  25  3:17  Drone  
  25  3:18  Zergling x2  
  25  3:19  Extractor  
  28  3:23  Queen  
  30  3:33  Lair  
  30  3:40  Spore Crawler  
  29  3:45  Drone x2  
  29  3:47  Drone  
  32  4:02  Drone x3  
  35  4:03  Drone  
  35  4:04  Drone  
  35  4:28  Queen  
  37  4:37  Spire  
  36  4:41  Zergling x16  
  44  4:46  Overseer  
  38  5:11  Zergling x12  
  38  5:12  Zergling x10  
  44  5:18  Extractor x2  
  33  5:44  Zergling x6  
  26  5:57  Zergling x2  
  26  5:58  Zergling x4  
  28  6:20  Queen  
  30  6:40  Hydralisk Den  
  30  6:44  Drone  
  30  6:45  Drone x5  
  35  7:07  Zergling x12  
  35  7:08  Zergling x2  
  42  7:41  Overlord x4  
  42  7:42  Overlord  
  42  7:43  Overlord  
Tags
 
Add a new tag
Caveats
  • Supply blocks, unpowered buildings, or Contaminate may cause inaccurate times.
  • Supply counts are checked every 10 seconds.